 Dungeon Crawl Stone Soup version 0.19.6-3-g7d5932f76a (webtiles) character file.

2655 Morbidden the Cutter (level 9, -1/69 HPs)
             Began as a Demonspawn Assassin on Nov 1, 2020.
             Was a Priest of Cheibriados.
             Slain by an ogre
             ... wielding a +0 giant spiked club
              (15 damage)
             ... on level 7 of the Dungeon.
             The game lasted 00:13:43 (6369 turns).

Morbidden the Cutter (Demonspawn Assassin)          Turns: 6369, Time: 00:13:43

Health: -1/69      AC:  5    Str: 23    XL:     9   Next: 36%
Magic:  0/14       EV: 14    Int: 21    God:    Cheibriados [***...]
Gold:   257        SH: 11    Dex: 22    Spells: 0 memorised, 15 levels left

rFire  . . .     SeeInvis .     a - +2 short sword (venom)
rCold  . . .     Gourm    .     c - +0 robe
rNeg   . . .     Faith    .     F - +0 buckler
rPois  .         Spirit   +     (no helmet)
rElec  .         Reflect  .     k - +0 cloak
rCorr  .         Harm     .     p - +1 pair of gloves
MR     .....                    (no boots)
Stlth  ++++......               y - amulet of guardian spirit
                                (no ring)
                                (no ring)

@: very slow
A: talons 1, large bone plates 2, nightstalker 1, powered by death 1
a: Bend Time, Temporal Distortion, Renounce Religion


You were on level 7 of the Dungeon.
You worshipped Cheibriados.
Cheibriados was most pleased with you.
You were hungry.

You visited 1 branch of the dungeon, and saw 7 of its levels.

You collected 257 gold pieces.

Inventory:

Hand Weapons
 a - a +2 short sword of venom (weapon)
 b - a +0 blowgun
 x - a +2 dagger
Missiles
 e - 6 poisoned needles
 f - 2 curare-tipped needles
 m - a throwing net
 r - 18 tomahawks (quivered)
Armour
 c - a +0 robe (worn)
 k - a +0 cloak (worn)
 p - a +1 pair of gloves (worn)
 F - a +0 buckler (worn)
Jewellery
 y - an amulet of guardian spirit (around neck)
Wands
 v - a wand of enslavement (16/24)
Scrolls
 h - a scroll of immolation
 l - 2 scrolls of remove curse
 o - 2 scrolls of identify
 q - 2 scrolls of teleportation {unknown}
 s - 4 scrolls of noise {unknown}
 B - 2 scrolls of random uselessness {unknown}
 E - a scroll of amnesia
Potions
 j - a potion of magic
 n - a potion of agility {unknown}
 t - 2 potions of curing
 u - a potion of cancellation {unknown}
 A - a potion of cure mutation {unknown}
 C - a potion of mutation {unknown}
 G - a potion of degeneration {unknown}
 H - a potion of might {unknown}
Comestibles
 d - a royal jelly
 g - 5 bread rations
 i - 3 slices of pizza
 w - 4 fruits
 z - 3 meat rations
 I - 3 chunks of flesh


   Skills:
 * Level 6.0 Fighting
 + Level 6.5 Short Blades
 + Level 4.4 Throwing
 + Level 3.8 Dodging
 + Level 5.5 Stealth
 * Level 2.0 Shields
 * Level 3.8 Spellcasting


You had 15 spell levels left.
You didn't know any spells.

Dungeon Overview and Level Annotations

Branches:
Dungeon (7/15)
 Temple: D:4-7

Altars:
Cheibriados
Kikubaaqudgha
Makhleb
Ru
Uskayaw
Xom
Yredelemnul

Shops:
D:4 *


Innate Abilities, Weirdness & Mutations

You have sharp toenails.
You are mostly covered in large bone plates. (SH +6)
You are slightly more attuned to the shadows.
You regenerate a little health from kills.


Message History

You claw the yak, but do no damage.
The yak is almost dead.
You hit the yak.
You kill the yak!
Cheibriados thoroughly appreciates the change of pace.
Your Fighting skill increases to level 6!
Unknown command.
You hit the ogre.
The ogre is poisoned.
You claw the ogre.
The ogre is lightly wounded.
The ogre hits you with a giant spiked club!!
* * * LOW HITPOINT WARNING * * *
You barely miss the ogre. You claw the ogre, but do no damage.
The ogre is lightly wounded.
Unknown command.
Unknown command.
Okay, then.
Okay, then.
You feel better.
The ogre hits you with a giant spiked club!
You die...

#.# . ### ### #.# . #.. ..#
#.# . . #####.####.# #.# .
....$#.#.##.# ###.##.
...#.#.#..#.#.#######......
#....(................÷.<.
...#..#.oO#.#.###.###.#####
..Y. ##.#@##.# #.# #.# #..#
#.#####.# #.# #.# #. #.#
#.# #.# #.# # #. #.# #.#
#.# # ##.###.###÷#
............# #############


You could see an ogre and an orc.

Vanquished Creatures
  5 yaks (D:7)
  A water moccasin (D:5)
  3 ogres
  3 centaurs
  Blork the orc (D:6)
  4 bullfrogs (D:6)
  A wyvern skeleton (D:5)
  2 scorpions (D:5)
  A bullfrog zombie (D:5)
  2 hounds (D:5)
  A gnoll shaman (D:6)
  2 iguanas
  4 orc wizards
  Natasha (thrice) (D:4)
  9 worker ants
  11 gnolls
  6 adders
  2 shadow imps (D:5)
  An ooze (D:5)
  An adder skeleton (D:5)
  2 worms
  5 dart slugs
  5 leopard geckos
  20 orcs
  4 giant cockroaches
  2 goblins
  9 hobgoblins
  6 jackals
  4 quokkas
  A ball python (D:6)
  6 bats
  3 frilled lizards
  3 kobolds
  A leopard gecko skeleton (D:4)
  A quokka zombie (D:5)
  7 rats
142 creatures vanquished.

Notes
Turn   | Place    | Note
-------+----------+-------------------------------------------
     0 | D:1      | Morbidden the Demonspawn Assassin began the quest for the Orb.
     0 | D:1      | Reached XP level 1. HP: 16/16 MP: 1/1
   182 | D:1      | Gained mutation: You have sharp toenails. [demonic ancestry]
   182 | D:1      | Reached XP level 2. HP: 21/22 MP: 2/2
   926 | D:2      | Found a faded altar of an unknown god.
   948 | D:2      | Found a basalt altar of Yredelemnul.
  1033 | D:2      | Reached XP level 3. HP: 22/27 MP: 3/3
  1044 | D:2      | Reached skill level 1 in Dodging
  1303 | D:3      | Noticed a centaur
  1383 | D:3      | Found a hide-covered altar of Uskayaw.
  1471 | D:3      | Found an ancient bone altar of Kikubaaqudgha.
  1910 | D:2      | Gained mutation: You are partially covered in large bone plates. (SH +4) [demonic ancestry]
  1910 | D:2      | Reached XP level 4. HP: 34/34 MP: 4/4
  2537 | D:3      | Found a sacrificial altar of Ru.
  2540 | D:3      | Found a burning altar of Makhleb.
  2552 | D:3      | Found a snail-covered altar of Cheibriados.
  2561 | D:3      | Became a worshipper of Cheibriados the Contemplative
  2836 | D:3      | Gained mutation: You regenerate a little health from kills. [demonic ancestry]
  2836 | D:3      | Reached XP level 5. HP: 37/40 MP: 5/5
  2987 | D:4      | Found Jemu's Assorted Antiques.
  3051 | D:4      | Noticed an ogre
  3057 | D:4      | Killed an ogre
  3057 | D:4      | Reached XP level 6. HP: 40/47 MP: 6/6
  3108 | D:4      | Reached * piety under Cheibriados
  3283 | D:4      | Noticed Natasha
  3289 | D:4      | Killed Natasha
  3485 | D:4      | Noticed Natasha
  3485 | D:4      | Gained mutation: You are mostly covered in large bone plates. (SH +6) [demonic ancestry]
  3485 | D:4      | Reached XP level 7. HP: 26/52 MP: 2/8
  3495 | D:4      | Killed Natasha
  3495 | D:4      | Reached skill level 1 in Spellcasting
  3537 | D:4      | Noticed Natasha
  3549 | D:4      | Killed Natasha
  4127 | D:3      | Reached skill level 5 in Stealth
  4166 | D:5      | Entered Level 5 of the Dungeon
  4195 | D:5      | Reached ** piety under Cheibriados
  4497 | D:5      | Reached XP level 8. HP: 60/61 MP: 8/11
  5033 | D:5      | Reached skill level 5 in Short Blades
  5612 | D:6      | Reached skill level 5 in Fighting
  5724 | D:6      | Found a shimmering altar of Xom.
  5783 | D:6      | Reached *** piety under Cheibriados
  5918 | D:6      | Reached skill level 1 in Shields
  6019 | D:6      | Noticed Blork the orc
  6029 | D:6      | Killed Blork the orc
  6329 | D:7      | Gained mutation: You are slightly more attuned to the shadows. [demonic ancestry]
  6329 | D:7      | Reached XP level 9. HP: 66/68 MP: 10/14
  6369 | D:7      | Slain by an ogre

Skill      XL: |  1  2  3  4  5  6  7  8  9 |
---------------+----------------------------+-----
Stealth        | 4 5 |  5.5
Short Blades   | 2 3 4 6 |  6.5
Dodging        | 1 2 3 |  3.8
Throwing       | 2 3 4 |  4.4
Fighting       | 3 4 5 6 |  6.0
Spellcasting   | 2 3 |  3.8
Shields        | 1 2 |  2.0

Action                   |  1- 3 |  4- 6 |  7- 9 || total
-------------------------+-------+-------+-------++-------
Melee: Dagger            |   132 |       |       ||   132
       Kick              |    25 |    38 |    98 ||   161
       Short sword       |    18 |   116 |   238 ||   372
 Fire: Blowgun           |     8 |    17 |       ||    25
Throw: Tomahawk          |     4 |    16 |    32 ||    52
       Throwing net      |       |     1 |       ||     1
  Use: Potion            |     1 |       |     4 ||     5
       Scroll            |       |     2 |     3 ||     5
 Stab: Sleeping          |     3 |     2 |     3 ||     8
       Distracted        |       |     1 |       ||     1
  Eat: Chunk             |     3 |     5 |     4 ||    12
Armor: Robe              |    63 |    19 |    24 ||   106
       Skin              |       |       |    20 ||    20
Dodge: Dodged            |    96 |    64 |   107 ||   267
Block: Other             |       |    14 |    35 ||    49
       Buckler           |       |       |    48 ||    48
